 Seeded DCSS version 0.32-a0-485-g70f7560b1c (webtiles) character file.

Game seed: 9732152831903570027 (custom seed)

207 timneilson the Ruffian (level 5, -17/35 HPs)
             Began as an Octopode Shapeshifter on Feb 26, 2024.
             Was an Initiate of Gozag.
             Demolished by a gnoll
             ... wielding a +0 halberd
             ... led by a gnoll bouda
              (18 damage)
             ... on level 4 of the Dungeon.
             The game lasted 00:05:06 (3049 turns).

timneilson the Ruffian (Octopode Shapeshifter)      Turns: 3049, Time: 00:05:07

Health: -17/35     AC:  1    Str: 16    XL:     5   Next: 85%
Magic:  5/5        EV: 13    Int: 12    God:    Gozag
Gold:   487        SH:  0    Dex: 11    Spells: 4/4 levels left

rFire   . .          .
                       - Unarmed
rCold   . . .        (no shield)
rNeg    . . .        (helmet currently unavailable)
rPois   .            (no amulet)
rElec   .            (no ring)
rCorr   .            (no ring)
SInv    .            (no ring)
Will    .....        (no ring)
Stlth   +++          (no ring)
HPRegen 0.25/turn    (no ring)
MPRegen 0.09/turn    (no ring)
                     (no ring)

%: no passive effects
@: beast-form
A: beast (slay +2), almost no armour, amphibious, 8 rings, camouflage 1,
gelatinous body 1, (nimble swimmer 1), tentacles
a: Begin Untransformation, Renounce Religion, Potion Petition, Call Merchant,
Bribe Branch


You were on level 4 of the Dungeon.
You worshipped Gozag.
Gozag was aware of your devotion.
You were a hulking beast.
You visited 1 branch of the dungeon, and saw 4 of its levels.

You collected 502 gold pieces.
You paid 15 gold pieces to Gozag.

Inventory:

Missiles
 h - 2 throwing nets (quivered)
Jewellery
 l - a ring of ice
 m - an amulet of magic regeneration
Talismans
 b - a beast talisman (active)
 c - a flux talisman
Scrolls
 d - a scroll of enchant armour {unknown}
 g - a scroll of revelation
 k - a scroll of identify
 p - a scroll of teleportation
 q - a scroll of amnesia {unknown}
Potions
 a - 2 potions of lignification
 e - a potion of heal wounds
 f - a potion of cancellation
 i - 4 potions of curing
 j - 3 potions of might
 n - a potion of haste
 o - a potion of enlightenment
 s - 2 potions of invisibility


   Skills:
 * Level 2.6 Fighting
 * Level 3.3 Dodging
 + Level 2.2 Stealth
 * Level 3.9 Unarmed Combat
 * Level 3.7 Shapeshifting


You had 4 spell levels left.
You didn't know any spells.
Your spell library contained the following spells:

 Spells                   Type           Power      Damage    Failure   Level
 Lesser Beckoning         Tloc           0%         N/A       45%         2
 Gell's Gravitas          Tloc           0%         N/A       69%         3
 Teleport Other           Tloc           0%         N/A       69%         3


Dungeon Overview and Level Annotations

Branches:
Dungeon (4/15)
 Temple: D:4-7

Altars:
Gozag
Yredelemnul

Shops:
D:4 *


Innate Abilities, Weirdness & Mutations

You are a hulking beast.
Your limbs bulge with bestial killing power. (Slay +2)
You cannot wear most types of armour.
You are amphibious.
You can wear up to eight rings at the same time.
Your skin changes colour to match your surroundings (Stealth+).
Your rubbery body absorbs attacks. (AC +1, EV +1)
((You are camouflaged when in or above water. (Stealth+)))
You have tentacles for arms and can constrict up to eight enemies at once.


Message History

You barely miss the quokka. Your grab misses the quokka. The quokka bites you.
You closely miss the quokka. Your grab misses the quokka.
The quokka barely misses you.
You miss the quokka. You grab the quokka. You constrict the quokka.
The quokka barely misses you.
You tentacle-slap the quokka.
The quokka is almost dead.
You constrict the quokka, but do no damage.
The quokka bites you. The quokka closely misses you.
You tentacle-slap the quokka.
You kill the quokka!
You now have 472 gold pieces (gained 9).
You start resting.
HP restored.
There is a stone staircase leading down here.
You now have 487 gold pieces (gained 15).
Things that are here:
a +0 whip; a +0 club A gnoll bouda comes into view.
It is wielding a +0 whip.
The gnoll bouda moves out of view.
A gnoll comes into view. It is wielding a +0 halberd.
Things that are here:
6 gold pieces; 2 stones; a +0 whip The gnoll shouts!
The gnoll bouda shouts!
The gnoll bouda barks out a call to the hunt!
The gnoll picks up the pace!
Things that are here:
a +0 whip; a +0 club The gnoll shouts!
The gnoll hits you from afar with a +0 halberd!
The gnoll attacks as it pursues you!
The gnoll hits you from afar with a +0 halberd! x2
* * * LOW HITPOINT WARNING * * *
The gnoll bouda barks out a call to the hunt!
The gnoll picks up the pace!
The gnoll attacks as it pursues you! The gnoll misses you.
The gnoll hits you from afar with a +0 halberd!!
Ouch! That really hurt!
You die...
Your body crumbles into a pile of gold.

#.............#
#.###########.# #.#
#######.### #.#
#.......... ..#######.#
#.#####....
#.......>.#####.####.....
.####.........).).[.....
##.#.######.####..<..
##...h# #.# ##...#
######)....# #.# #..##
#.....(...g# #.# #..#
#.####....g# #.# #..# ..#
##....# #.# ###..## ..
##.#.######.###......
#.##.#...............## #
#...g.........##..##.# #.
#.##.########.##..##.#


You could see a gnoll bouda and 2 gnolls.

Vanquished Creatures
  Jessica (D:3)
  7 gnolls
  3 adders
  2 ribbon worms (D:4)
  8 orcs
  3 ball pythons
  6 endoplasms
  A giant cockroach (D:1)
  8 goblins
  6 hobgoblins
  6 kobolds
  8 quokkas
  3 bats
  8 frilled lizards
  2 rats (D:1)
72 creatures vanquished.

Notes
Turn   | Place    | Note
-------+----------+-------------------------------------------
     0 | D:1      | timneilson the Octopode Shapeshifter began the quest for
                  | the Orb.
     0 | D:1      | Reached XP level 1. HP: 13/13 MP: 1/1
   174 | D:1      | You fall into a shaft and drop 1 floor!
   209 | D:2      | Reached XP level 2. HP: 18/18 MP: 2/2
   308 | D:2      | Found an opulent altar of Gozag.
   313 | D:2      | Became a worshipper of Gozag Ym Sagoz the Greedy
   435 | D:1      | Reached skill level 1 in Stealth
   439 | D:1      | Reached XP level 3. HP: 22/23 MP: 3/3
  1689 | D:3      | Reached XP level 4. HP: 17/29 MP: 4/4
  1856 | D:3      | Found a basalt altar of Yredelemnul.
  2180 | D:3      | Noticed Jessica
  2186 | D:3      | Killed Jessica
  2187 | D:3      | Reached XP level 5. HP: 13/34 MP: 5/5
  2543 | D:4      | Found Ahooxzy's Gadget Gallery.
  3046 | D:4      | HP: 1/35 [gnoll/+0 halberd[a gnoll bouda] (13)]
  3049 | D:4      | Demolished by a gnoll

Illustrated notes

Levels and vault maps discovered:
D:1:      psy_arrival_radial02, layout_basic
D:2:      layout_loops_ring, basic_altar, nrook_mini_vaults, minmay_vboxes
D:3:      layout_basic, mainiacjoe_overflow_catwalk, kennysheep_jessica_study
D:4:      layout_loops_ring, vehumet_statue, nicolae_shop_gadgets, uniq_pikel

Skill      XL: |  1  2  3  4  5 |
---------------+----------------+-----
Stealth        | 1 2 |  2.2
Fighting       | 2 |  2.6
Dodging        | 3 |  3.3
Unarmed Combat | |  3.9
Shapeshifting  | |  3.7

Action                     |  1- 3 |  4- 6 || total
---------------------------+-------+-------++-------
  Melee: Unarmed           |    90 |    69 ||   159
         Constrict         |    19 |    19 ||    38
         Tentacles         |    11 |     9 ||    20
         Punch             |     2 |     3 ||     5
    Use: Scroll            |     8 |     6 ||    14
         Potion            |     1 |       ||     1
   Stab: Sleeping          |     4 |     7 ||    11
 Armour: Skin              |    35 |    25 ||    60
  Dodge: Dodged            |    54 |    38 ||    92

Table legend: (Time is in decaauts)
 A = Elapsed time spent in this place.
 B = Non-inter-level travel time spent in this place.
 C = Inter-level travel time spent in this place.
 D = Time resting spent in this place.
 E = Time spent auto-exploring this place.
 F = Levels seen in this place.
 G = Mean time per level.
                   A        B        C        D        E       F      G
               +--------+--------+--------+--------+--------+-----+--------+
         Total |   3039 |   2987 |     52 |    222 |   1982 |   4 |  759.8 |
       Dungeon |   3039 |   2987 |     52 |    222 |   1982 |   4 |  759.8 |
               +--------+--------+--------+--------+--------+-----+--------+

Top non-repeatable levels by time:
     D:3: 1000 daAuts
     D:1: 886 daAuts
     D:2: 668 daAuts
     D:4: 484 daAuts
